[Event "ICC tourney 2289 (45 10)"]
[Site "Internet Chess Club"]
[Date "2021.01.09"]
[Round "5"]
[White "kartsicc"]
[Black "salamenceg"]
[Result "0-1"]
[ICCResult "White checkmated"]
[WhiteElo "988"]
[BlackElo "1080"]
[Opening "Ruy Lopez: Wormald (Alapin) attack"]
[ECO "C77"]
[NIC "RL.12"]
[Time "22:00:50"]
[PlyCount "56"]
[TimeControl "2700+10"]

1. e4 e5 2. Nf3 Nc6 3. Bb5 a6 4. Ba4 Nf6 5. Qe2 b5 6. Bb3 Bc5 7. a4 Rb8 8.
c3 d6 9. O-O O-O 10. h3 h6 11. Rd1 Re8 12. Bc2 Bb6 13. d4 Bd7 14. d5 Ne7
15. b4 Ng6 16. a5 Ba7 17. Na3 Nf4 18. Bxf4 exf4 19. Re1 Nh5 20. Bd3 Ng3 21.
Qd2 Qf6 22. Bc2 Rbd8 23. Nd4 Bxd4 24. Qxd4 Nh5 25. Bd3 Qg5 26. Kh2 f3 27.
g3 Nf4 28. gxf4 Qg2# { White checkmated } 0-1

[Event "ICC tourney 2289 (45 10)"]
[Site "Internet Chess Club"]
[Date "2021.01.09"]
[Round "5"]
[White "SGOLD9367"]
[Black "tarunsankar"]
[Result "1-0"]
[ICCResult "Black checkmated"]
[WhiteElo "1210"]
[BlackElo "861"]
[Opening "QGA: 3.Nf3"]
[ECO "D21"]
[NIC "QG.05"]
[Time "22:00:39"]
[PlyCount "115"]
[TimeControl "2700+10"]

1. d4 d5 2. c4 dxc4 3. Nf3 c5 4. e3 Bg4 5. Be2 Nc6 6. Bxc4 Nf6 7. h3 Bxf3
8. Qxf3 cxd4 9. Bb5 Qa5+ 10. Nc3 Rc8 11. exd4 e6 12. Bd2 Bb4 13. O-O Bxc3
14. Bxc6+ bxc6 15. Bxc3 Qb6 16. Rfe1 O-O 17. Re5 h6 18. Qg3 Nd7 19. Rh5 Qc7
20. Qe3 Nf6 21. Rc5 Nd5 22. Qf3 Rb8 23. Ba5 Qd6 24. b3 Rb5 25. Rac1 Rxc5
26. Rxc5 Rc8 27. b4 Nb6 28. Qc3 Na4 29. Qc4 Nxc5 30. dxc5 Qd5 31. Qa6 Re8
32. Bc7 e5 33. Qxa7 e4 34. Bf4 g5 35. Be3 f5 36. g3 Qd1+ 37. Kh2 Qf3 38.
Qd7 Rf8 39. Qe6+ Rf7 40. Qxh6 Qd1 41. Bxg5 Qd7 42. Bf6 Rh7 43. Qf4 Kf7 44.
Be5 Ke6 45. Bd6 Kf7 46. g4 Ke8 47. Qe5+ Kd8 48. gxf5 Qf7 49. f6 Qd7 50.
Be7+ Kc8 51. Qg3 Kb7 52. a4 Ka6 53. Qb3 Qc7+ 54. Bd6 Qf7 55. b5+ cxb5 56.
Qxb5+ Ka7 57. Qb6+ Ka8 58. Qb8# { Black checkmated } 1-0

[Event "ICC tourney 2289 (45 10)"]
[Site "Internet Chess Club"]
[Date "2021.01.09"]
[Round "5"]
[White "soreairplane"]
[Black "catcity"]
[Result "1-0"]
[ICCResult "Black resigns"]
[WhiteElo "1140"]
[BlackElo "1239"]
[Opening "Scotch game"]
[ECO "C45"]
[NIC "SO.04"]
[Time "22:00:36"]
[PlyCount "76"]
[TimeControl "2700+10"]

1. e4 e5 2. Nf3 Nc6 3. d4 exd4 4. Nxd4 Nxd4 5. Qxd4 Qf6 6. c3 b6 7. Be3 Bc5
8. Qd3 Bxe3 9. Qxe3 Ne7 10. Bc4 O-O 11. O-O Bb7 12. Nd2 Rfe8 13. Qd3 Qg6
14. f3 Nc6 15. Qc2 Ne5 16. Bb3 Ba6 17. c4 Re6 18. f4 Ng4 19. f5 Qh6 20. Nf3
Ne3 21. Qb1 Nxf1 22. fxe6 Qxe6 23. Qxf1 Re8 24. Re1 h6 25. Qd3 c6 26. Qc2
Qg4 27. h3 Qf4 28. e5 Re6 29. Qd2 Qg3 30. Qf2 Qg6 31. c5 Re8 32. cxb6 axb6
33. Qxb6 Bd3 34. Qf2 Bf5 35. Nh4 Qh5 36. Nxf5 g6 37. Ng3 Qh4 38. Bxf7+ Kh8
{ Black resigns } 1-0

[Event "ICC tourney 2289 (45 10)"]
[Site "Internet Chess Club"]
[Date "2021.01.09"]
[Round "5"]
[White "Nikunjmore"]
[Black "avbhosale"]
[Result "1-0"]
[ICCResult "Black checkmated"]
[WhiteElo "672"]
[BlackElo "462"]
[Opening "Four knights: Scotch, 4...exd4"]
[ECO "C47"]
[NIC "RG.01"]
[Time "22:00:40"]
[PlyCount "141"]
[TimeControl "2700+10"]

1. e4 e5 2. Nf3 Nf6 3. Nc3 Nc6 4. d4 exd4 5. Nxd4 Qe7 6. Bg5 Nxd4 7. Qxd4
c5 8. Qe3 Ng4 9. Qf4 Qe6 10. Nd5 Bd6 11. Qf5 Qxf5 12. exf5 O-O 13. Be2 f6
14. Bf4 Bxf4 15. Nxf4 Ne5 16. O-O d6 17. Nd5 Re8 18. Nc7 Bxf5 19. Nxe8 Rxe8
20. c4 Nc6 21. Bf3 Ne5 22. Bxb7 Nxc4 23. Bd5+ Be6 24. Rfe1 Kf7 25. Bxe6+
Rxe6 26. Rxe6 Kxe6 27. b3 Nb6 28. g4 c4 29. Rb1 cxb3 30. axb3 Kd5 31. Kg2
Kc5 32. b4+ Kb5 33. Kf3 a5 34. bxa5+ Kxa5 35. Ke4 g6 36. f4 Nc4 37. Ra1+
Kb4 38. Ra6 Kb5 39. Ra7 d5+ 40. Kxd5 Ne3+ 41. Ke6 Nxg4 42. Rxh7 f5 43. h4
Kc5 44. h5 gxh5 45. Rxh5 Ne3 46. Rxf5+ Nxf5 47. Kxf5 Kd6 48. Kg6 Ke6 49.
f5+ Ke7 50. Kg7 Kd8 51. f6 Ke8 52. f7+ Ke7 53. f8=Q+ Ke6 54. Qf6+ Kd5 55.
Qf4 Ke6 56. Qg5 Kd6 57. Qf5 Kc6 58. Qe5 Kb6 59. Qd5 Ka6 60. Qb3 Ka5 61. Qb7
Ka4 62. Qb6 Ka3 63. Qb5 Ka2 64. Qb4 Ka1 65. Kf6 Ka2 66. Ke5 Ka1 67. Kd4 Ka2
68. Kc3 Ka1 69. Qa4+ Kb1 70. Qc2+ Ka1 71. Qb2# { Black checkmated } 1-0

[Event "ICC tourney 2289 (45 10)"]
[Site "Internet Chess Club"]
[Date "2021.01.09"]
[Round "5"]
[White "oxdidi"]
[Black "ruthvikal"]
[Result "0-1"]
[ICCResult "White resigns"]
[WhiteElo "959"]
[BlackElo "197"]
[Opening "Giuoco Piano"]
[ECO "C54"]
[NIC "IG.02"]
[Time "22:00:38"]
[PlyCount "78"]
[TimeControl "2700+10"]

1. e4 e5 2. Nf3 Nc6 3. Bc4 Bc5 4. c3 Nf6 5. d3 O-O 6. Nbd2 a6 7. O-O b5 8.
Bb3 Bb7 9. Re1 d6 10. Nf1 Ne7 11. Ng3 h6 12. Nh4 c6 13. Ngf5 Nxf5 14. Nxf5
Bb6 15. Qf3 Bc8 16. Qg3 Bxf5 17. exf5 Nh5 18. Qg6 Nf4 19. Qg4 Nxd3 20. Rf1
Qf6 21. Qg3 Nxc1 22. Raxc1 Qxf5 23. Bc2 Qf6 24. Qd3 Qg6 25. Qxg6 fxg6 26.
Bxg6 d5 27. Rfe1 Bxf2+ 28. Kh1 Bxe1 29. Rxe1 Rf6 30. Bh5 Raf8 31. h3 Rf1+
32. Rxf1 Rxf1+ 33. Kh2 Rf2 34. Be8 e4 35. Bxc6 e3 36. Bxd5+ Kf8 37. Kg3
Rxb2 38. Bb7 Rxa2 39. Kf3 e2 { White resigns } 0-1

[Event "ICC tourney 2289 (45 10)"]
[Site "Internet Chess Club"]
[Date "2021.01.09"]
[Round "5"]
[White "YoungPony"]
[Black "amka03"]
[Result "0-1"]
[ICCResult "White checkmated"]
[WhiteElo "997"]
[BlackElo "1061"]
[Opening "Queen's pawn, Mason variation"]
[ECO "D00"]
[NIC "QP.08"]
[Time "22:13:27"]
[PlyCount "62"]
[TimeControl "2700+10"]

1. d4 d5 2. Bf4 Nf6 3. e3 e6 4. Bd3 c5 5. c3 Nc6 6. Nf3 c4 7. Bc2 Bd6 8.
Bg3 O-O 9. Nbd2 h6 10. Ne5 Qc7 11. Ndf3 Nd7 12. Nxd7 Bxd7 13. Bb1 Rfe8 14.
O-O Bxg3 15. fxg3 b5 16. Qc2 g6 17. Nh4 Ne7 18. Qf2 Rf8 19. Qf6 Qd6 20. Nf3
a5 21. Ne5 Be8 22. Qh4 h5 23. Rf6 b4 24. Rf3 Rb8 25. g4 bxc3 26. bxc3 Qa3
27. gxh5 Qb2 28. hxg6 Nxg6 29. Nxg6 fxg6 30. Rh3 Qc1+ 31. Qe1 Qxe1# { White
checkmated } 0-1

[Event "ICC tourney 2289 (45 10)"]
[Site "Internet Chess Club"]
[Date "2021.01.09"]
[Round "5"]
[White "BlueDuck"]
[Black "DevajVadher"]
[Result "0-1"]
[ICCResult "White resigns"]
[WhiteElo "980"]
[BlackElo "826"]
[Opening "Caro-Kann defense"]
[ECO "B10"]
[NIC "CK.01"]
[Time "22:00:36"]
[PlyCount "84"]
[TimeControl "2700+10"]

1. e4 c6 2. f4 d5 3. e5 e6 4. Nf3 Ne7 5. Bd3 Ng6 6. Bxg6 fxg6 7. d4 c5 8.
c3 Nc6 9. O-O Be7 10. Qd3 c4 11. Qc2 O-O 12. Be3 b5 13. a3 a5 14. Bf2 Rxf4
15. Bg3 Rf8 16. Nbd2 Bb7 17. Rf2 b4 18. a4 b3 19. Qd1 Bg5 20. Qe2 Bxd2 21.
Nxd2 Qe7 22. Raf1 Rf5 23. Qg4 Raf8 24. Nf3 Nd8 25. Bh4 Qd7 26. Bxd8 Qxd8
27. Ng5 Rxf2 28. Qxe6+ Kh8 29. Rxf2 Rxf2 30. Kxf2 Qf8+ 31. Nf7+ Kg8 32. Kg3
Qxf7 33. Qxf7+ Kxf7 34. Kg4 Bc6 35. h4 Bxa4 36. Kg5 h6+ 37. Kf4 Bd7 38. g4
a4 39. Ke3 a3 40. bxa3 b2 41. Kd2 b1=Q 42. Ke2 Qc2+ { White resigns } 0-1

[Event "ICC tourney 2289 (45 10)"]
[Site "Internet Chess Club"]
[Date "2021.01.09"]
[Round "5"]
[White "notarnav"]
[Black "srihassm"]
[Result "0-1"]
[ICCResult "White checkmated"]
[WhiteElo "1192"]
[BlackElo "590"]
[Opening "Scotch game"]
[ECO "C45"]
[NIC "SO.05"]
[Time "22:00:52"]
[PlyCount "84"]
[TimeControl "2700+10"]

1. e4 e5 2. Nf3 Nc6 3. d4 exd4 4. Nxd4 Bc5 5. Nxc6 bxc6 6. Bc4 Ne7 7. O-O
O-O 8. Nc3 Ng6 9. Bd2 Ne5 10. Bb3 Ba6 11. Re1 Qh4 12. Be3 Bxe3 13. Rxe3 Ng4
14. Rh3 Qxf2+ 15. Kh1 Ne3 16. Qf3 Qxf3 17. Rxf3 Ng4 18. Raf1 Bxf1 19. Rxf1
Ne5 20. Nd1 c5 21. Ne3 a5 22. Rf5 a4 23. Bd5 c6 24. Rxe5 cxd5 25. Nxd5 f6
26. Rf5 Rab8 27. b3 axb3 28. axb3 c4 29. b4 g6 30. Rf3 f5 31. exf5 gxf5 32.
h3 Rb5 33. Ne7+ Kh8 34. g4 f4 35. c3 Re5 36. Nf5 Re1+ 37. Kg2 Re2+ 38. Kh1
Ra8 39. Rf1 Raa2 40. Kg1 Rg2+ 41. Kh1 Rh2+ 42. Kg1 Rag2# { White checkmated
} 0-1

[Event "ICC tourney 2289 (45 10)"]
[Site "Internet Chess Club"]
[Date "2021.01.09"]
[Round "5"]
[White "chessfidebullet"]
[Black "cadenhkim"]
[Result "1-0"]
[ICCResult "Black resigns"]
[WhiteElo "1204"]
[BlackElo "1158"]
[Opening "Caro-Kann: classical variation"]
[ECO "B18"]
[NIC "CK.10"]
[Time "22:00:51"]
[PlyCount "151"]
[TimeControl "2700+10"]

1. e4 c6 2. d4 d5 3. Nc3 dxe4 4. Nxe4 Bf5 5. Ng3 Bg6 6. c3 Nd7 7. Nf3 h6 8.
Bc4 Ngf6 9. Ne5 Nxe5 10. dxe5 Qxd1+ 11. Kxd1 Nd5 12. Re1 e6 13. f4 O-O-O
14. Ke2 Bc5 15. Bxd5 Rxd5 16. h4 f6 17. b4 Bb6 18. exf6 gxf6 19. c4 Rd4 20.
c5 Bc7 21. Kf3 Rxb4 22. Rxe6 Rf8 23. f5 Bf7 24. Re7 Bd5+ 25. Kf2 Rxh4 26.
Be3 Rg4 27. Nh5 Rxg2+ 28. Kf1 Rh2 29. Rxc7+ Kxc7 30. Bf4+ Kd7 31. Bxh2 Be4
32. Rd1+ Kc8 33. Bd6 Rf7 34. Ng3 Bd5 35. Re1 Kd7 36. Rb1 Kc8 37. a4 Rg7 38.
a5 a6 39. Re1 Kd8 40. Nh5 Rg5 41. Nxf6 Rxf5+ 42. Kg1 Rg5+ 43. Kh2 Bf7 44.
Re7 Bh5 45. Rxb7 Bg4 46. Rb8+ Bc8 47. Rb6 Rg6 48. Rxc6 Rxf6 49. Bc7+ Kd7
50. Rxf6 Kxc7 51. Rxh6 Bf5 52. Rxa6 Bd3 53. Rb6 Bc4 54. a6 Bd5 55. a7 Bb7
56. Ra6 Ba8 57. Rb6 Bb7 58. Ra6 Ba8 59. c6 Kc8 60. Rb6 Kc7 61. Rb8 Bxc6 62.
a8=Q Bxa8 63. Rxa8 Kb7 64. Ra3 Kb6 65. Kg3 Kb5 66. Kf3 Kb4 67. Re3 Kc4 68.
Ke4 Kc5 69. Rd3 Kc4 70. Rd5 Kc3 71. Rc5+ Kd2 72. Kd4 Ke2 73. Rf5 Kd2 74.
Rf3 Ke2 75. Ke4 Ke1 76. Kd3 { Black resigns } 1-0

[Event "ICC tourney 2289 (45 10)"]
[Site "Internet Chess Club"]
[Date "2021.01.09"]
[Round "5"]
[White "aWildNateDawg"]
[Black "kookiefalcon"]
[Result "0-1"]
[ICCResult "White resigns"]
[WhiteElo "1109"]
[BlackElo "871"]
[Opening "Ruy Lopez: Caro variation"]
[ECO "C70"]
[NIC "RL.09"]
[Time "22:02:29"]
[PlyCount "78"]
[TimeControl "2700+10"]

1. e4 e5 2. Nf3 Nc6 3. Bb5 a6 4. Ba4 b5 5. Bb3 Nf6 6. d4 exd4 7. e5 Ne4 8.
O-O Nc5 9. Nxd4 Nxd4 10. Qxd4 Nxb3 11. axb3 Be7 12. e6 O-O 13. exf7+ Rxf7
14. Nc3 Bb7 15. Nd5 Bd6 16. Be3 Rf5 17. Nc3 Rh5 18. h3 Qe7 19. Qg4 Re5 20.
Bf4 Re6 21. Bxd6 Qxd6 22. Rad1 Qc6 23. f3 Rae8 24. Kh1 a5 25. Rc1 b4 26.
Ne4 d5 27. Nf2 Re2 28. c4 bxc3 29. bxc3 Qb6 30. Qd4 c5 31. Qd3 c4 32. Qd4
Qxd4 33. cxd4 cxb3 34. Nd3 Ba6 35. Nc5 b2 36. Rb1 Bb5 37. Rfd1 a4 38. Nd3
Bxd3 39. Rxd3 Re1+ { White resigns } 0-1